Map: Cosmic Sapphire

Players

VolleMelk

  • Race: Terran Terran
  • League: Bronze
  • Spawn Location: 5:00

Freek - Winner!

  • Race: Protoss Protoss
  • League: Silver
  • Spawn Location: 11:00

VOD

Have the link to the VOD?

Description

Time

  • Played on: Oct. 15, 2022, 1:19 p.m.
  • Length: 11:28
Show
View Real Time Build Order
Export as new Build Order

VolleMelk Terran 

Build Orders:  

Get SALT Encoding   

  12  0:00  SCV  
  13  0:12  SCV  
  14  0:18  Supply Depot  
  14  0:24  SCV  
  15  0:31  Refinery  
  15  0:43  Barracks  
  15  0:54  Engineering Bay  
  15  0:58  SCV  
  16  1:09  Supply Depot  
  16  1:21  SCV  
  17  1:26  Supply Depot  
  17  1:36  SCV  
  17  1:39  Marine  
  19  1:49  Factory  
  19  1:53  SCV  
  20  2:05  Barracks Tech Lab  
  20  2:06  Bunker  
  20  2:08  SCV  
  21  2:25  Orbital Command  
  21  2:34  Marauder  
  23  2:42  Starport, Factory Tech Lab  
  23  2:49  Engineering Bay  
  23  2:54  SCV  
  23  2:57  Marine  
  25  3:01  Supply Depot  
  25  3:08  SCV  
  26  3:14  Factory Tech Lab, Refinery  
  26  3:15  Marine  
  27  3:20  SCV  
  27  3:23  Supply Depot  
  28  3:30  Banshee  
  31  3:34  SCV  
  31  3:41  Marine  
  33  3:56  SCV  
  34  4:04  Siege Tank  
  34  4:05  Barracks  
  37  4:13  Command Center  
  37  4:18  Cloaking Field  
  37  4:26  Marine  
  38  4:34  SCV, Barracks  
  39  4:41  Siege Tank  
  42  5:13  Barracks Reactor  
  42  5:19  SCV, Medivac  
  45  5:31  SCV  
  46  5:44  SCV  
  43  5:57  Marine x3  
  43  5:58  Marauder  
  43  5:59  Siege Tank  
  43  6:01  Medivac  
  50  6:15  Marine x3  
  53  6:19  Marauder  
  55  6:31  Orbital Command  
  55  6:35  Starport  
  51  6:41  Marauder  
  50  6:47  Viking  
  50  6:51  SCV  
  53  6:56  Supply Depot  
  53  6:59  Supply Depot  
  53  7:00  Supply Depot  
  53  7:01  SCV  
  54  7:02  Marauder, Supply Depot  
  54  7:05  SCV, Refinery  
  54  7:07  Refinery  
  57  7:13  SCV  
  58  7:16  Marine  
  58  7:17  SCV, Marine x2  
  58  7:21  Widow Mine  
  64  7:23  Marauder  
  64  7:28  Missile Turret  
  66  7:33  Missile Turret  
  66  7:34  Marine  
  67  7:40  Missile Turret  
  67  7:41  Missile Turret  
  67  7:42  Missile Turret  
  67  7:45  Marauder, Marine  
  67  7:48  Terran Infantry Weapons Level 1  
  70  7:52  Stimpack  
  70  7:55  Barracks Reactor  
  70  8:03  Siege Tank, Missile Turret  
  73  8:06  Marauder  
  73  8:09  Marine  
  73  8:10  Marine  
  77  8:27  Marauder, Marine  
  77  8:28  Marine  
  81  8:39  Marine x2  
  83  8:41  Viking  
  83  8:45  Starport Reactor, Marine x2  
  87  8:49  Marauder  
  89  8:57  Marine  
  90  9:03  Marine  
  91  9:10  Supply Depot, Marauder  
  91  9:12  Supply Depot  
  83  9:32  Marauder  
  60  9:53  Marauder  
  46  10:03  Marine x2  
  46  10:04  Marine x2  
  38  10:14  Marauder  
  38  10:16  Siege Tank  
  38  10:19  Viking x3  
  38  10:21  Marine x2  
  49  10:25  Supply Depot  
  49  10:26  Supply Depot  
  51  10:36  Marauder  
Show
View Real Time Build Order
Export as new Build Order

Freek Protoss - Winner!

Build Orders:  

Get SALT Encoding   

  12  0:00  Probe  
  13  0:13  Probe  
  14  0:18  Pylon  
  14  0:25  Probe  
  15  0:37  Probe (Chrono Boost)  
  16  0:46  Gateway  
  16  0:49  Probe (Chrono Boost)  
  17  0:58  Probe (Chrono Boost)  
  17  1:04  Assimilator, Probe  
  19  1:16  Probe  
  20  1:28  Probe  
  21  1:42  Zealot  
  21  1:44  Pylon  
  23  1:47  Cybernetics Core  
  23  1:50  Pylon  
  23  2:02  Pylon, Probe  
  23  2:04  Assimilator  
  24  2:14  Probe  
  25  2:23  Stalker  
  25  2:26  Probe  
  28  2:38  Probe  
  29  2:49  Nexus  
  29  2:50  Probe  
  30  2:53  Forge  
  30  3:00  Pylon  
  30  3:03  Probe  
  31  3:13  Shield Battery  
  31  3:15  Probe  
  32  3:21  Stalker  
  35  3:27  Probe  
  35  3:29  Photon Cannon  
  35  3:39  Probe  
  36  3:47  Photon Cannon  
  36  3:54  Probe (Chrono Boost)  
  38  4:04  Assimilator, Probe (Chrono Boost)  
  38  4:06  Assimilator, Probe (Chrono Boost)  
  38  4:09  Probe (Chrono Boost)  
  39  4:16  Probe (Chrono Boost)  
  41  4:20  Probe (Chrono Boost)  
  42  4:28  Probe (Chrono Boost)  
  44  4:33  Probe (Chrono Boost)  
  44  4:36  Probe (Chrono Boost)  
  44  4:38  Probe (Chrono Boost)  
  45  4:42  Probe  
  47  4:46  Probe  
  47  4:47  Stargate  
  47  4:49  Stargate  
  47  4:51  Stargate  
  47  4:54  Probe  
  47  4:57  Stalker  
  47  4:59  Probe  
  51  5:06  Probe  
  52  5:11  Probe (Chrono Boost)  
  54  5:23  Probe x2 (Chrono Boost)  
  54  5:27  Stalker (Chrono Boost)  
  57  5:30  Probe (Chrono Boost)  
  57  5:32  Probe (Chrono Boost)  
  59  5:37  Probe  
  60  5:42  Probe  
  60  5:49  Probe  
  61  5:51  Void Ray (Chrono Boost)  
  61  5:52  Stalker (Chrono Boost)  
  61  6:01  Probe  
  61  6:03  Pylon  
  62  6:04  Pylon x2  
  61  6:13  Void Ray (Chrono Boost)  
  61  6:21  Stalker (Chrono Boost)  
  67  6:42  Void Ray  
  67  6:45  Void Ray x2  
  71  6:48  Stalker (Chrono Boost)  
  71  6:52  Assimilator  
  73  7:10  Nexus  
  73  7:11  Stalker  
  73  7:14  Probe  
  84  7:25  Void Ray  
  84  7:28  Void Ray  
  84  7:36  Fleet Beacon  
  84  7:39  Pylon x2  
  84  7:40  Assimilator  
  84  7:42  Assimilator  
  84  7:52  Pylon  
  84  7:55  Pylon  
  84  7:59  Pylon  
  84  8:03  Robotics Facility  
  84  8:06  Stargate  
  84  8:14  Pylon  
  84  8:16  Probe  
  84  8:17  Probe  
  86  8:29  Probe x3  
  89  8:36  Carrier (Chrono Boost)  
  89  8:37  Carrier (Chrono Boost)  
  89  8:41  Probe x3  
  104  8:48  Carrier (Chrono Boost)  
  102  8:53  Probe x3  
  110  9:05  Probe x2  
  110  9:07  Shield Battery  
  113  9:10  Shield Battery  
  113  9:14  Shield Battery  
  112  9:17  Probe  
  103  9:39  Carrier x2  
  109  10:01  Nexus  
  107  10:24  Pylon  
  107  10:27  Pylon, Nexus  
  107  10:28  Pylon  
  107  10:32  Assimilator  
  107  10:33  Assimilator  
  107  10:38  Assimilator  
  107  10:42  Pylon  
  107  10:45  Pylon x2  
  107  10:46  Pylon  
  107  10:48  Pylon  
  107  10:55  Pylon  
Tags
 
Add a new tag
Caveats
  • Supply blocks, unpowered buildings, or Contaminate may cause inaccurate times.
  • Supply counts are checked every 10 seconds.